Dungeon Sprint DCSS version 0.22.1-1-ga44c0e5 (webtiles) character file.

26900000 PlayerOfArmor the Formicid Barricade (level 27, -138/246 (249) HPs) Began as a Formicid Fighter on Oct 3, 2018. Was the Champion of Makhleb. Annihilated by a vile ... wielding a +0 flail (150 damage) ... in the Dungeon (Sprint VIII: "Arena of Blood"). The game lasted 00:06:28 (269 turns). PlayerOfArmor the Formicid Barricade (FoFi) Turns: 269, Time: 00:06:28 HP: -138/246 (249)AC: 13 Str: 22 XL: 27 MP: 54/54 EV: 31 Int: 11 God: Makhleb [******] Gold: 0 SH: 0 Dex: 19 Spells: 80/80 levels left rFire . . . SeeInvis + l - +∞ Axe of Woe rCold . . . Gourm . c - +0 shield rNeg . . . Faith . b - +0 scale mail rPois . Spirit . (helmet unavailable) rElec . Reflect . (no cloak) rCorr . Harm . (no gloves) MR ++... (no boots) Stlth ++........ (no amulet) HPRegen 0.00/turn (no ring) MPRegen 0.34/turn (no ring) @: confused, lethally poisoned (-138 -> -213), non-regenerating, badly diseased A: permanent stasis, dig shafts and tunnels, four strong arms, antennae 3 a: Dig, Minor Destruction, Lesser Servant of Makhleb, Major Destruction, Greater Servant of Makhleb, Renounce Religion You were in the Dungeon. You worshipped Makhleb. Makhleb was exalted by your worship. You were not hungry. You visited 1 branch

Inventory:

Hand Weapons
 a - a +0 war axe
 l - the +∞ Axe of Woe (weapon)
   (You found it in the Dungeon)
Armour
 b - a +0 scale mail (worn)
 c - a +0 shield (worn)
Jewellery
 m - a +30 ring of slaying
 n - a +30 ring of slaying
 o - a +30 ring of slaying
Scrolls
 k - a scroll of blinking
Potions
 d - a potion of might
 e - a potion of curing
 g - a potion of heal wounds
 h - a potion of haste
 i - 2 potions of magic
 j - a potion of berserk rage
Comestibles
 f - a ration
 p - 4 chunks of flesh


   Skills:
 O Level 27 Fighting
 O Level 27 Axes
 O Level 27 Throwing
 O Level 27 Armour
 O Level 27 Dodging
 O Level 27 Stealth
 O Level 27 Shields
 O Level 27 Unarmed Combat
 O Level 27 Spellcasting
 O Level 27 Invocations


You had 80 spell levels left.
You didn't know any spells.
Your spell library was empty.

Dungeon Overview and Level Annotations

Branches:
Dungeon (1/1)

Altars:
Makhleb


Innate Abilities, Weirdness & Mutations

You cannot be hasted, slowed, berserked, paralysed or teleported.
You can dig through walls and to a lower floor.
Your four strong arms can wield two-handed weapons with a shield.
You have a pair of large antennae on your head. (SInv)


Message History

You are lethally poisoned!
You feel your flesh rotting away!
* * * LOW HITPOINT WARNING * * *
x2 You feel very sick.
You hear a shout! x3
The dread calls on the powers of darkness!
The fleshlord convulses!
The meat berserker convulses!
The bag of meat convulses!
The observer convulses!
The fleshlord convulses!
The bag of meat convulses! x2; The eight-headed meat hydra convulses!
The observer convulses! x3; The fleshlord convulses!
The bag of meat convulses!
The scourge convulses!
The bag of meat convulses!
The meat berserker convulses!
The observer convulses! x2; Your body is wracked with pain!
* * * LOW HITPOINT WARNING * * *
The bag of meat convulses!
The observer convulses!
You hear a shout! x4
The vile hits you with a flail!
* * * LOW HITPOINT WARNING * * *
You are engulfed in flames!!!!!
Ouch! That really hurt!
You die...

## ############### #.#
## ##)#...........##.#
..##.#)#########..#.#
.....#### #...#
##)){{..# #§.##
...{..{.... ##@§§#.###
....{{.....{ #99§V....#
........{.D§S.oG9§§#.###
.....#{.{..ppWpoG.###.##
§%.####..o.G9OoDG##
##)## ......


..L9VoSWz.# ##.# ...... {..#G.O.9G# #.# ...... Go.....# #.# ....V. #...... #.#
You could see a tyrant, an eight-headed meat hydra, 2 destroyers, 7 observers, a
scourge, 3 fleshlords, a sculptor of flesh, 2 dreads, 6 viles, 2 meat berserkers
and 6 bags of meat.

Vanquished Creatures
  A hell knight (D)
  6 hell beasts (D)
  2 great orbs of eyes (D)
  A wraith (D)
  8 vampire knights (D)
  20 ogres (D)
  4 two-headed ogres (D)
  A hydra (D)
  43 orcs (D)
  4 skeletal warriors (D)
  2 sea snakes (D)
  A large abomination (D)
  2 small abominations (D)
95 creatures vanquished.

Vanquished Creatures (others)
  2 crawling corpses (D)
2 creatures vanquished.

Grand Total: 97 creatures vanquished

Notes
Turn   | Place    | Note
-------+----------+-------------------------------------------
     0 | D        | Found the +∞ Axe of Woe
     0 | D        | PlayerOfArmor the Formicid Fighter began the quest for the
                  | Orb.
     0 | D        | Reached XP level 1. HP: 18/18 MP: 1/1
     2 | D        | Noticed a meat berserker
     4 | D        | Became a worshipper of Makhleb the Destroyer
     4 | D        | Noticed a meat berserker
     6 | D        | Noticed a bag of meat
     6 | D        | Noticed a bag of meat
     6 | D        | Noticed a bag of meat
     8 | D        | Killed a meat berserker
     8 | D        | Reached XP level 2. HP: 51/51 MP: 2/2
     8 | D        | Reached XP level 3. HP: 58/58 MP: 3/3
     8 | D        | Reached XP level 4. HP: 65/65 MP: 4/4
     8 | D        | Reached XP level 5. HP: 72/72 MP: 5/5
     8 | D        | Reached XP level 6. HP: 79/79 MP: 6/6
     8 | D        | Reached XP level 7. HP: 86/86 MP: 7/7
     8 | D        | Reached XP level 8. HP: 93/93 MP: 8/8
     8 | D        | Reached XP level 9. HP: 99/99 MP: 9/9
     8 | D        | Reached XP level 10. HP: 107/107 MP: 10/10
     8 | D        | Reached XP level 11. HP: 113/113 MP: 11/11
     8 | D        | Reached XP level 12. HP: 121/121 MP: 12/12
     8 | D        | Reached XP level 13. HP: 127/127 MP: 13/13
     8 | D        | Noticed a bag of meat
     8 | D        | Noticed a bag of meat
     8 | D        | Noticed a meat berserker
     9 | D        | Killed a meat berserker
     9 | D        | Reached * piety under Makhleb
     9 | D        | Reached XP level 14. HP: 143/143 MP: 14/14
     9 | D        | Reached XP level 15. HP: 149/149 MP: 15/15
     9 | D        | Noticed a meat berserker
    10 | D        | Reached XP level 16. HP: 162/162 MP: 16/16
    10 | D        | Noticed a meat berserker
    10 | D        | Noticed a meat berserker
    11 | D        | Reached ** piety under Makhleb
    11 | D        | Reached skill level 15 in Axes
    12 | D        | Killed a meat berserker
    12 | D        | Reached skill level 27 in Fighting
    12 | D        | Reached skill level 27 in Armour
    12 | D        | Reached skill level 27 in Shields
    12 | D        | Reached XP level 17. HP: 174/174 MP: 17/17
    12 | D        | Noticed a large bag of meat
    13 | D        | Killed a meat berserker
    13 | D        | Reached XP level 18. HP: 101/182 MP: 18/18
    13 | D        | Killed a meat berserker
    13 | D        | Reached *** piety under Makhleb
    13 | D        | Reached skill level 27 in Axes
    13 | D        | Reached XP level 19. HP: 151/189 MP: 18/32
    14 | D        | Reached skill level 10 in Dodging
    14 | D        | Noticed a meat berserker
    14 | D        | Noticed a meat berserker
    15 | D        | Killed a meat berserker
    15 | D        | Reached **** piety under Makhleb
    15 | D        | Reached skill level 15 in Throwing
    15 | D        | Reached skill level 15 in Unarmed Combat
    15 | D        | Reached XP level 20. HP: 197/197 MP: 18/38
    15 | D        | Reached skill level 15 in Spellcasting
    16 | D        | Reached skill level 15 in Dodging
    17 | D        | Noticed a meat berserker
    19 | D        | Reached ***** piety under Makhleb
    19 | D        | Reached XP level 21. HP: 204/204 MP: 19/43
    20 | D        | Killed a meat berserker
    21 | D        | Noticed a large bag of meat
    21 | D        | Noticed a meat berserker
    21 | D        | Noticed a destroyer
    22 | D        | Killed a meat berserker
    22 | D        | Reached XP level 22. HP: 212/212 MP: 19/46
    22 | D        | Killed a large bag of meat
    22 | D        | Reached skill level 27 in Dodging
    22 | D        | Killed a meat berserker
    22 | D        | Reached skill level 27 in Stealth
    22 | D        | Reached XP level 23. HP: 194/219 MP: 19/49
    24 | D        | Reached ****** piety under Makhleb
    24 | D        | Reached skill level 27 in Invocations
    24 | D        | Reached skill level 27 in Throwing
    24 | D        | Reached skill level 27 in Unarmed Combat
    24 | D        | Reached skill level 27 in Spellcasting
    24 | D        | Reached XP level 24. HP: 227/227 MP: 20/54
    25 | D        | Noticed a destroyer
    25 | D        | Noticed a destroyer
    26 | D        | Killed a large bag of meat
    26 | D        | Reached XP level 25. HP: 234/234 MP: 21/54
    28 | D        | Killed a destroyer
    28 | D        | Reached XP level 26. HP: 242/242 MP: 21/54
    30 | D        | Killed a destroyer
    30 | D        | Reached XP level 27. HP: 249/249 MP: 22/54
    30 | D        | Noticed a large bag of meat
    31 | D        | Noticed a destroyer
    33 | D        | Killed a destroyer
    33 | D        | Noticed a destroyer
    34 | D        | Noticed a large bag of meat
    36 | D        | Killed a destroyer
    36 | D        | Noticed a destroyer
    37 | D        | Killed a large bag of meat
    40 | D        | Killed a destroyer
    42 | D        | Noticed a destroyer
    43 | D        | Noticed a destroyer
    48 | D        | Killed a destroyer
    56 | D        | Killed a destroyer
    58 | D        | Killed a large bag of meat
    92 | D        | Noticed a dread
    92 | D        | Noticed a meat beast
    93 | D        | Killed a meat beast
   111 | D        | Noticed a destroyer
   111 | D        | Noticed a destroyer
   111 | D        | Noticed a destroyer
   111 | D        | Noticed a meat beast
   111 | D        | Noticed a meat beast
   111 | D        | Noticed an accursed
   111 | D        | Noticed a meat beast
   111 | D        | Noticed a dread
   115 | D        | Killed a meat beast
   116 | D        | Killed a meat beast
   118 | D        | Noticed a fleshlord
   118 | D        | Noticed a large bag of meat
   121 | D        | Killed a meat beast
   166 | D        | Noticed a destroyer
   166 | D        | Noticed a fleshlord
   166 | D        | Noticed a destroyer
   166 | D        | Noticed a dread
   167 | D        | Killed a destroyer
   169 | D        | Killed a dread
   171 | D        | Killed a fleshlord
   172 | D        | Noticed a meat beast
   175 | D        | Noticed a dread
   192 | D        | Noticed a meat beast
   192 | D        | Noticed a fleshlord
   192 | D        | Noticed a dread
   192 | D        | Noticed a meat beast
   192 | D        | Noticed a dread
   192 | D        | Noticed a dread
   192 | D        | Noticed a dread
   198 | D        | Killed a meat beast
   263 | D        | Noticed a meat beast
   263 | D        | Noticed a fleshlord
   263 | D        | Noticed a vile
   263 | D        | Noticed a vile
   264 | D        | Noticed a fleshlord
   264 | D        | Noticed a vile
   264 | D        | Noticed a dread
   264 | D        | Noticed a vile
   264 | D        | Noticed a tyrant
   267 | D        | Noticed a vile
   268 | D        | Killed a meat beast
   269 | D        | Noticed a vile
   269 | D        | HP: 12/246 [vile/flail (8)]
   269 | D        | Annihilated by a vile

Skill      XL: |  1  2  3  4  5  6  7  8  9 10 11 12 13 14 15 16 17 18 19 20 21 22 23 |
---------------+----------------------------------------------------------------------+-----
Fighting       | 20 23 25 27 | 27.0
Axes           | 11 13 14 19 25 27 | 27.0
Armour         | 19 21 23 27 | 27.0
Shields        | 21 24 26 27 | 27.0
Throwing       | 9 15 18 21 23 27 | 27.0
Dodging        | 9 14 17 24 27 | 27.0
Stealth        | 12 18 22 25 27 | 27.0
Unarmed Combat | 9 15 18 21 23 27 | 27.0
Spellcasting   | 9 14 18 20 22 27 | 27.0
Invocations    | 11 17 20 23 26 27 | 27.0

Action                   |  1- 3 |  4- 6 |  7- 9 | 10-12 | 13-15 | 16-18 | 19-21 | 22-24 | 25-27 || total
-------------------------+-------+-------+-------+-------+-------+-------+-------+-------+-------++-------
Melee: Executioner's axe |     1 |       |       |       |     2 |     3 |     7 |     2 |    39 ||    54
 Abil: Dig               |       |       |       |       |       |       |       |       |     6 ||     6
 Stab: Distracted        |       |       |       |       |       |       |       |       |     2 ||     2
  Eat: Chunk             |       |       |       |       |       |       |       |       |     1 ||     1
Armor: Scale mail        |       |       |       |       |       |       |       |       |     2 ||     2
Dodge: Dodged            |       |       |       |       |       |       |       |     1 |     8 ||     9
Block: Shield            |       |       |       |       |       |     1 |     2 |     1 |     6 ||    10
